 Dungeon Crawl Stone Soup version 0.31-a0-8-gd14b0f4ee2 (webtiles) character file.

Game seed: 15319680178190570230

7 Moonkey the Conjurer (level 1, -1/11 HPs)
             Began as a Deep Elf Conjurer on May 6, 2023.
             Slain by a jackal (3 damage)
             ... on level 1 of the Dungeon.
             The game lasted 00:00:45 (392 turns).

Moonkey the Conjurer (Deep Elf Conjurer)             Turns: 392, Time: 00:00:45

Health: -1/11      AC:  2    Str:  4    XL:     1   Next: 83%
Magic:  2/6        EV: 12    Int: 22    God:
Gold:   11         SH:  0    Dex: 13    Spells: 5/6 levels left

rFire   . . .        (no weapon)
rCold   . . .        (no shield)
rNeg    . . .        a - +0 robe
rPois   .            (no helmet)
rElec   .            (no cloak)
rCorr   .            (no gloves)
SInv    .            (no boots)
Will    .....        (no amulet)
Stlth   ++           (no ring)
HPRegen 0.21/turn    (no ring)
MPRegen 0.10/turn

%: no passive effects
@: no status effects
A: no striking features
a: no special abilities


You were on level 1 of the Dungeon.
You visited 1 branch of the dungeon, and saw 1 of its levels.

You collected 11 gold pieces.

Inventory:

Armour
 a - a +0 robe (worn)
Scrolls
 c - a scroll of fear {unknown}
 d - a scroll of amnesia {unknown}
Potions
 b - 2 potions of magic
 e - a potion of lignification {unknown}


   Skills:
 * Level 0.3 Fighting
 + Level 2.5 Dodging
 + Level 2.5 Stealth
 * Level 3.2 Spellcasting
 * Level 4.5 Conjurations


You had 5 spell levels left.
You knew the following spells:

 Your Spells              Type           Power      Damage    Failure   Level
a - Magic Dart            Conj           92%        1d7       1%          1

Your spell library contained the following spells:

 Spells                   Type           Power      Damage    Failure   Level
 Searing Ray              Conj           46%        2d6       3%          2
 Dazzling Flash           Conj/Hex       26%        N/A       14%         3
 Fulminant Prism          Conj/Hex       6%         3d7       43%         4
 Iskenderun's Mystic Bla  Conj/Tloc      13%        2d5       43%         4


Dungeon Overview and Level Annotations

Branches:
Dungeon (1/15)

Altars:


Message History

The jackal is heavily wounded.
The jackal barely misses you.
You closely miss the jackal.
The jackal is heavily wounded.
The jackal misses you.
You hit the jackal but do no damage.
The jackal is moderately wounded.
The jackal bites you. x2
You closely miss the jackal. Your punch misses the jackal.
The jackal is moderately wounded.
The jackal closely misses you.
You hit the jackal.
The jackal is severely wounded.
The jackal closely misses you. The jackal bites you.
You barely miss the jackal.
The jackal is severely wounded.
The jackal closely misses you.
You hit the jackal but do no damage.
The jackal is severely wounded.
The jackal barely misses you.
You barely miss the jackal.
The jackal is severely wounded.
The jackal bites you but does no damage.
The jackal closely misses you.
You hit the jackal. Your punch misses the jackal.
The jackal is almost dead.
The jackal bites you.
* * * LOW HITPOINT WARNING * * *
You closely miss the jackal.
The jackal is almost dead.
The jackal closely misses you. The jackal bites you.
* * * LOW HITPOINT WARNING * * *
You closely miss the jackal.
The jackal is almost dead.
The jackal bites you.
* * * LOW HITPOINT WARNING * * *
You closely miss the jackal.
The jackal is almost dead.
The jackal bites you.
You die...

#######...###.#
#.......#.....#
#.#####...#####
##.## #.# #.#
#.# #.#########
#.......@.#
#########h# .#
.# .. .. ##. .


You could see a jackal.

Vanquished Creatures
  2 endoplasms (D:1)
  A hobgoblin (D:1)
  A jackal (D:1)
  A ball python (D:1)
  A kobold (D:1)
6 creatures vanquished.

Notes
Turn   | Place    | Note
-------+----------+-------------------------------------------
     0 | D:1      | Moonkey the Deep Elf Conjurer began the quest for the Orb.
     0 | D:1      | Reached XP level 1. HP: 10/10 MP: 6/6
   392 | D:1      | Slain by a jackal

Illustrated notes

Levels and vault maps discovered:
D:1:      amcnicky_arrival_flooded_fountain, layout_loops_ring, st_stairs_4,
          minivault_25

Action                     || total
---------------------------++-------
  Melee: Unarmed           ||    16
   Cast: Magic Dart        ||    13
 Armour: Robe              ||     1
  Dodge: Dodged            ||    18

Table legend: (Time is in decaauts)
 A = Elapsed time spent in this place.
 B = Non-inter-level travel time spent in this place.
 C = Inter-level travel time spent in this place.
 D = Time resting spent in this place.
 E = Time spent auto-exploring this place.
 F = Levels seen in this place.
 G = Mean time per level.
                   A        B        C        D        E       F      G
               +--------+--------+--------+--------+--------+-----+--------+
         Total |    392 |    392 |      0 |      0 |    348 |   1 |  392.0 |
       Dungeon |    392 |    392 |      0 |      0 |    348 |   1 |  392.0 |
               +--------+--------+--------+--------+--------+-----+--------+

Top non-repeatable levels by time:
     D:1: 392 daAuts
